 Dungeon Crawl Stone Soup version 0.23-a0-143-g1adec7bb76 (webtiles) character file.

105 MeekVeins the Digger (level 4, -2/29 HPs)
             Began as a Gargoyle Earth Elementalist on Sept 5, 2018.
             Killed by nerve-wracking pain
             ... invoked by an orc priest
              (3 damage)
             ... on level 3 of the Dungeon.
             The game lasted 00:06:28 (2228 turns).

MeekVeins the Digger (Gargoyle Earth Elementalist)  Turns: 2228, Time: 00:06:28

Health: -2/29      AC:  9    Str: 11 (12) XL:     4   Next: 83%
Magic:  7/7        EV:  5    Int: 14 (16) God:
Gold:   172        SH:  6    Dex:  9 (10) Spells: 6/7 levels left

rFire    + . .     SeeInvis .   C - +0 whip (elec)
rCold    + . .     Gourm    .   N - +0 shield
rNeg     + . .     Faith    .   D - +0 scale mail
rPois    ∞         Spirit   .   (no helmet)
rElec    +         Reflect  .   (no cloak)
rCorr    +         Harm     .   (no gloves)
MR       .....                  (no boots)
Stlth    ..........             (no amulet)
HPRegen  0.09/turn              (no ring)
MPRegen  0.10/turn              (no ring)

@: resistant, very slightly contaminated, invisible
A: negative energy resistance 1, electricity resistance, unbreathing,
petrification resistance, rot immunity, AC +3
a: no special abilities


You were on level 3 of the Dungeon.
You were hungry.

You visited 1 branch of the dungeon, and saw 3 of its levels.

You collected 172 gold pieces.

Inventory:

Hand Weapons
 C - a +0 whip of electrocution (weapon)
Missiles
 b - 92 stones (quivered)
Armour
 c - a +0 robe
 D - a +0 scale mail (worn)
 K - a +0 plate armour
 N - a +0 shield (worn)
Scrolls
 B - 2 scrolls of enchant weapon {unknown}
 F - a scroll of amnesia {unknown}
 H - a scroll of magic mapping {unknown}
 I - 5 scrolls of identify {unknown}
 Q - a scroll of immolation {unknown}
 T - a scroll of fog {unknown}
 V - a scroll of remove curse {unknown}
Potions
 S - a potion of lignification {unknown}
Comestibles
 z - 5 rations
 U - 4 chunks of flesh


   Skills:
 - Level 4.0 Fighting
 + Level 0.0 Maces & Flails
 - Level 1.5 Dodging
 - Level 2.1 Stealth
 - Level 2.0 Spellcasting
   Level 0.7 Transmutations
 - Level 4.4 Earth Magic


You had 6 spell levels left.
You knew the following spells:

 Your Spells              Type           Power        Failure   Level  Hunger
a - Sandblast             Erth           ##....       86%         1    ##.....

Your spell library contained the following spells:

 Spells                   Type           Power        Failure   Level  Hunger
 Passwall                 Tmut/Erth      #.......     99%         2    ###....
 Stone Arrow              Conj/Erth      #.....       100%        3    ####...
 Petrify                  Tmut/Erth      #.......     100%        4    #####..
 Lee's Rapid Deconstruct  Erth           ##........   100%        5    ######.


Dungeon Overview and Level Annotations

Branches:
Dungeon (3/15)

Altars:
Fedhas


Innate Abilities, Weirdness & Mutations

You are resistant to torment.
Your stone body is resilient. (AC +3)
You are immune to poison.
You resist negative energy. (rN+)
You are resistant to electric shocks. (rElec)
You can survive without breathing.
You are immune to petrification.
You are immune to rotting.


Message History

Your scale mail prevents you from hitting the orc priest.
The orc priest is moderately wounded.
You block the bat's attack.
The orc priest hits you but does no damage.
The orc completely misses you.
The orc priest hits you but does no damage.
You hit the orc priest.
The orc priest is heavily wounded.
You block the bat's attack.
The orc priest hits you but does no damage.
The orc hits you but does no damage.
The orc priest calls down the wrath of Beogh upon you.
Beogh smites you!
* * * LOW HITPOINT WARNING * * *
It was a potion of degeneration.
There was something very wrong with that liquid.
You feel weakened.
You feel dopey.
You feel clumsy.
The orc priest mumbles some strange prayers to Beogh against you.
Pain shoots through your body!
You die...

##.###.######...
................
##.###....##### ##.#
#....## # ...###.....#####
.>#
#####......#...#######....#
.# #......+.......b.o.o...
.# #......#...oo######o...
.# #..[.......o@# . ##
####.......b.# #
#........## # #........# #
#......### # ##.(...# #
#.....# # #.....# #.....#


You could see 2 orc priests, an orc and a bat.

Vanquished Creatures
  An orc wizard (D:3)
  3 adders (D:2)
  A gnoll (D:1)
  3 dart slugs
  5 bats
  A giant cockroach (D:2)
  6 hobgoblins
  8 kobolds
  A ball python (D:3)
  2 frilled lizards
  4 goblins
  6 rats
41 creatures vanquished.

Notes
Turn   | Place    | Note
-------+----------+-------------------------------------------
     0 | D:1      | MeekVeins the Gargoyle Earth Elementalist began the quest
                  | for the Orb.
     0 | D:1      | Reached XP level 1. HP: 10/10 MP: 3/3
   110 | D:1      | Reached XP level 2. HP: 12/15 MP: 0/5
   418 | D:1      | Reached skill level 1 in Fighting
   906 | D:2      | Reached XP level 3. HP: 15/20 MP: 6/6
  1394 | D:2      | Reached skill level 3 in Fighting
  1394 | D:2      | Reached XP level 4. HP: 27/28 MP: 7/7
  1760 | D:2      | Found a blossoming altar of Fedhas.
  2227 | D:3      | HP: 1/29 [orc priest/divine providence (14)]
  2228 | D:3      | Killed from afar by an orc priest

Vault maps used:
D:1:      minmay_arrival_up_and_down, nrook_mini_backslash
D:2:      first_ration, fedhas_altar_4

Skill      XL: |  1  2  3  4 |
---------------+-------------+-----
Earth Magic    | 4 |  4.4
Fighting       | 1 3 4 |  4.0
Dodging        | |  1.5
Stealth        | |  2.1
Spellcasting   | |  2.0
Transmutations | |  0.7

Action                   |  1- 3 |  4- 6 || total
-------------------------+-------+-------++-------
Melee: Whip              |    89 |    64 ||   153
 Cast: Sandblast         |    13 |       ||    13
  Use: Potion            |       |     5 ||     5
 Stab: Sleeping          |     1 |       ||     1
  Eat: Chunk             |     2 |     2 ||     4
Armor: Robe              |     9 |       ||     9
       Scale mail        |    47 |    53 ||   100
Dodge: Dodged            |    41 |    23 ||    64
Block: Shield            |    13 |    33 ||    46

Table legend:
 A = Non-vault XP
 B = Vault XP
 C = Vault XP percentage of total XP
 D = Non-vault monster count
 E = Vault monster count
 F = Vault count percentage of total count
                 A         B        C        D         E       F
            +---------+---------+-------+---------+---------+-------
      Total |     151 |       0 |   0.0 |      41 |       0 |   0.0
            +---------+---------+-------+---------+---------+-------
        D:1 |      30 |       0 |   0.0 |      12 |       0 |   0.0
        D:2 |      76 |       0 |   0.0 |      23 |       0 |   0.0
        D:3 |      45 |       0 |   0.0 |       6 |       0 |   0.0
            +---------+---------+-------+---------+---------+-------
